 Dungeon Crawl Stone Soup version 0.31.0-12-g77e489cdc1 (webtiles) character file.

Game seed: 5161107594959434294

98 BlackCrag the Magician (level 4, -6/24 HPs)
             Began as a Deep Elf Earth Elementalist on Mar 2, 2024.
             Mangled by a gnoll
             ... wielding a +0 flail
             ... led by a gnoll bouda
              (13 damage)
             ... on level 4 of the Dungeon.
             The game lasted 00:10:02 (2709 turns).

BlackCrag the Magician (DEEE)                       Turns: 2709, Time: 00:10:02

Health: -6/24      AC:  2    Str:  5    XL:     4   Next: 43%
Magic:  7/13       EV: 13    Int: 22    God:
Gold:   87         SH:  0    Dex: 15    Spells: 6/13 levels left

rFire   . . .        l - staff of death
rCold   . . .        (no shield)
rNeg    + . .        a - +0 robe
rPois   .            (no helmet)
rElec   .            (no cloak)
rCorr   .            (no gloves)
SInv    .            (no boots)
Will    .....        (no amulet)
Stlth   ++           h - ring of wizardry
HPRegen 0.24/turn    (no ring)
MPRegen 0.13/turn

%: wizardry (x1)
@: weakened
A: no striking features
a: no special abilities


You were on level 4 of the Dungeon.
You visited 1 branch of the dungeon, and saw 4 of its levels.

You collected 143 gold pieces.
You spent 56 gold pieces at shops.

Inventory:

Missiles
 j - 2 throwing nets
Armour
 a - a +0 robe (worn)
Magical Staves
 d - a staff of air
 l - a staff of death (weapon)
Jewellery
 h - a ring of wizardry (left hand)
Scrolls
 i - a scroll of immolation {unknown}
 k - a scroll of fear {unknown}
 m - a scroll of noise {unknown}
 n - 3 scrolls of teleportation {unknown}
 p - a scroll of silence {unknown}
 q - a scroll of vulnerability
Potions
 b - 2 potions of magic
 c - a potion of curing
 e - a potion of mutation


   Skills:
 + Level 2.7 Dodging
 + Level 2.5 Stealth
 * Level 5.0 Spellcasting
 * Level 1.2 Conjurations
 * Level 4.5 Earth Magic


You had 6 spell levels left.
You knew the following spells:

 Your Spells              Type           Power      Damage    Failure   Level
a - Sandblast             Erth           50%        2d12      1%          1
b - Passwall              Erth           25%        N/A       1%          3
c - Stone Arrow           Conj/Erth      36%        3d9       4%          3

Your spell library contained the following spells:

 Spells                   Type           Power      Damage    Failure   Level
 Summon Small Mammal      Summ           20%        N/A       4%          1
 Call Canine Familiar     Summ           5%         N/A       12%         3
 Brom's Barrelling Bould  Conj/Erth      18%        2d4       12%         4
 Petrify                  Alch/Erth      15%        N/A       16%         4
 Summon Blazeheart Golem  Fire/Summ      5%         N/A       36%         4


Dungeon Overview and Level Annotations

Branches:
Dungeon (4/15)
 Temple: D:4-7

Altars:

Shops:
D:3 *


Message History

You feel as though you will be weak longer.
The gnoll bouda attacks as it pursues you!
The gnoll bouda hits you with a +0 whip!
Ouch! That really hurt!
The gnoll bouda barks out a call to the hunt!
The gnoll picks up the pace!
Casting: Sandblast (safe; 1% risk of failure)
Confirm with . or Enter, or press ? or * to list all spells.
Okay, then.
The gnoll bouda gazes fiercely through you!
You feel as though you will be weak longer.
You see here a throwing net.
The gnoll is no longer moving quickly.
The gnoll bouda barks out a call to the hunt!
The gnoll picks up the pace!
The gnoll barely misses you.
The gnoll is no longer moving quickly.
The gnoll attacks as it pursues you! The gnoll hits you with a +0 whip.
* * * LOW HITPOINT WARNING * * *
Okay, then.
The gnoll attacks as it pursues you! The gnoll barely misses you.
Casting: Sandblast (safe; 1% risk of failure)
Confirm with . or Enter, or press ? or * to list all spells.
Aiming: Sandblast (safe; 1% risk of failure)
Press: ? - help, Shift-Dir - straight line, f - gnoll, p - gnoll bouda
Aim: a gnoll, wielding a +0 whip (85% to hit)
The blast of sand hits the gnoll!!
You kill the gnoll!
The gnoll is no longer moving quickly.
The gnoll misses you. x2
Your Spellcasting skill increases to level 5!
Casting: Sandblast (safe; 1% risk of failure)
Confirm with . or Enter, or press ? or * to list all spells.
Aiming: Stone Arrow (quite dangerous; 4% risk of failure)
Press: ? - help, Shift-Dir - straight line, f - gnoll
Aim: a gnoll, wielding a +0 spear (covering ground quickly, 72% to hit)
The stone arrow hits the gnoll!
The gnoll is severely wounded.
The gnoll hits you with a +0 flail!
Ouch! That really hurt!
You die...

......#.......# ..
..............## ##..
...##..........## #....
...##...........# .....
................# #...#
................##..#
...................#
...................# ...
.............###@.## ..#
.............# #g.## ## ...#
.>..##.....### #[.g##.##...#
....#.....######g..........#
.........# ##....).g.##..#
........# #.......g.....#
### .......
#..##...(....###...#
###.###...#..#...#...#
)....#........#......#


You could see a gnoll bouda and 4 gnolls.

Vanquished Creatures
  A gnoll (D:4)
  2 adders
  3 ribbon worms
  2 dart slugs (D:1)
  An orc (D:3)
  6 endoplasms
  2 giant cockroaches
  4 goblins
  4 hobgoblins
  4 jackals (D:1)
  2 quokkas
  3 ball pythons
  2 bats
  2 frilled lizards
  12 kobolds
  5 rats
55 creatures vanquished.

Notes
Turn   | Place    | Note
-------+----------+-------------------------------------------
     0 | D:1      | BlackCrag the Deep Elf Earth Elementalist began the quest
                  | for the Orb.
     0 | D:1      | Reached XP level 1. HP: 10/10 MP: 6/6
     6 | D:1      | Noticed a komodo dragon
     6 | D:1      | Noticed an imperial myrmidon
     7 | D:1      | Noticed a centaur warrior
   206 | D:1      | Reached XP level 2. HP: 15/15 MP: 6/8
   828 | D:2      | Reached XP level 3. HP: 19/19 MP: 5/10
   868 | D:2      | Learned a level 3 spell: Passwall
   872 | D:2      | Learned a level 3 spell: Stone Arrow
  1471 | D:2      | Identified the +0 ring mail of Delicate Wonder {Str+3}
  1488 | D:2      | Reached skill level 4 in Spellcasting
  1873 | D:3      | Found Kunaih's Assorted Antiques.
  1882 | D:3      | Bought a scroll labelled UQOECU EDDUW for 28 gold pieces
  1882 | D:3      | Bought a scroll labelled ITEIRA TUROE for 28 gold pieces
  2379 | D:3      | Reached XP level 4. HP: 24/24 MP: 8/12
  2706 | D:4      | Reached skill level 5 in Spellcasting
  2709 | D:4      | Mangled by a gnoll

Illustrated notes

Levels and vault maps discovered:
D:1:      onia_arrival_zoo_common, layout_basic, minivault_26
D:2:      layout_loops_corners
D:3:      layout_loops_ring, serial_shops, nicolae_lakefront_shop,
          grunt_ministairs_7
D:4:      layout_cave_pools, mainiacjoe_overflow_alcove_1

Skill      XL: |  1  2  3  4 |
---------------+-------------+-----
Earth Magic    | 4 |  4.5
Spellcasting   | 4 5 |  5.0
Dodging        | |  2.7
Stealth        | |  2.5
Conjurations   | |  1.2

Action                     |  1- 3 |  4- 6 || total
---------------------------+-------+-------++-------
   Cast: Sandblast         |    63 |    10 ||    73
         Stone Arrow       |     1 |     1 ||     2
         Passwall          |     1 |     1 ||     2
    Use: Scroll            |     5 |     1 ||     6
 Armour: Robe              |     6 |     4 ||    10
  Dodge: Dodged            |     2 |     8 ||    10
